 Dungeon Crawl Stone Soup version 0.32-a0-422-g28b100f618 (webtiles) character file.

Game seed: 7110654685412127454

6755 Alarak the Frost Mage (level 11, -1/81 HPs)
             Began as a Gnoll Ice Elementalist on Feb 22, 2024.
             Was an Elder of Cheibriados.
             Constricted to death by Erica (2 damage)
             ... on level 9 of the Dungeon.
             The game lasted 00:42:05 (10140 turns).

Alarak the Frost Mage (Gnoll Ice Elementalist)     Turns: 10140, Time: 00:42:05

Health: -1/81      AC: 14    Str: 13    XL:     11   Next: 4%
Magic:  23/23      EV: 12    Int: 28    God:    Cheibriados [****..]
Gold:   427        SH:  0    Dex: 21    Spells: 12/26 levels left

rFire   + + .        h - +4 short sword (flame)
rCold   + . .        A - +0 buckler
rNeg    + + +        i - +0 ring mail
rPois   .            c - +1 helmet "Saasay" {Will+ Slay+3 Stlth+}
rElec   .            k - scarf {rC+ rF+}
rCorr   +            (no gloves)
SInv    .            (no boots)
Will    +....        g - amulet of regeneration
Stlth   ++           F - +4 ring of slaying
HPRegen 1.13/turn    H - ring of the Rhinotaur {Wiz rF+ rN+++ rCorr Str-4}
MPRegen 0.18/turn

%: wizardry (x1)
@: confused, lethally poisoned (-1 -> -3), ice-armoured, about to teleport,
ambrosia-drunk, slowed, constricted, very slow
A: fangs 1, strong nose, distributed training
a: Renounce Religion, Bend Time, Temporal Distortion, Slouch


You were on level 9 of the Dungeon.
You worshipped Cheibriados.
Cheibriados was greatly pleased with you.
You visited 2 branches of the dungeon, and saw 10 of its levels.

You collected 427 gold pieces.

Inventory:

Hand Weapons
 h - a +4 short sword of flaming (weapon)
 m - a +5 whip
 G - a +1 vampiric scimitar
Armour
 c - the +1 helmet "Saasay" (worn) {Will+ Slay+3 Stlth+}
   (You found it on level 6 of the Dungeon)

   Slay+3:    It affects your accuracy & damage with ranged weapons and melee
   (+3).
   Will+:     It increases your willpower.
   Stlth+:    It makes you more stealthy.
 i - a +0 ring mail (worn)
 k - a scarf of resistance (worn)
 l - a +0 robe of fire resistance
 s - a +0 leather armour
 A - a +0 buckler (worn)
 E - +0 ice dragon scales
 I - a +2 chain mail
 J - an orb of energy
Magical Staves
 v - a staff of alchemy
 x - a staff of conjuration
Jewellery
 g - an amulet of regeneration (around neck)
 C - an amulet of reflection
 F - a +4 ring of slaying (left hand)
 H - the ring of the Rhinotaur (right hand) {Wiz rF+ rN+++ rCorr Str-4}
   (You found it on level 6 of the Dungeon)

   [ring of wizardry]

   Wiz:       It improves your spell success rate.
   Str-4:     It affects your strength (-4).
   rF+:       It protects you from fire.
   rN+++:     It renders you almost immune to negative energy.
   rCorr:     It protects you from acid and corrosion.
Wands
 w - a wand of mindburst (16)
 z - a wand of roots (10)
Scrolls
 a - a scroll of torment {unknown}
 n - a scroll of enchant weapon
 r - 6 scrolls of teleportation
 t - 2 scrolls of blinking
 B - 2 scrolls of poison
 D - a scroll of fog
Potions
 b - a potion of magic
 e - a potion of degeneration
 f - a potion of mutation
 j - 3 potions of haste {unknown}
 o - a potion of enlightenment {unknown}
 q - a potion of cancellation {unknown}
 u - 2 potions of berserk rage {unknown}


   Skills:
 + Level 6.1 Fighting
 + Level 6.1 Short Blades
 + Level 6.1 Long Blades
 + Level 6.1 Axes
 + Level 6.1 Maces & Flails
 + Level 6.1 Polearms
 + Level 6.1 Staves
 + Level 6.1 Ranged Weapons
 + Level 6.1 Throwing
 + Level 6.1 Armour
 + Level 7.7 Dodging
 + Level 7.5 Stealth
 + Level 6.1 Shields
 + Level 6.1 Unarmed Combat
 + Level 8.0 Spellcasting
 + Level 5.0 Conjurations
 + Level 5.0 Hexes
 + Level 5.0 Summonings
 + Level 5.0 Necromancy
 + Level 5.0 Translocations
 + Level 5.0 Fire Magic
 + Level 8.8 Ice Magic
 + Level 5.0 Air Magic
 + Level 5.0 Earth Magic
 + Level 5.0 Alchemy
 + Level 6.7 Invocations
 + Level 6.1 Evocations
 + Level 5.5 Shapeshifting


You had 12 spell levels left.
You knew the following spells:

 Your Spells              Type           Power      Damage    Failure   Level
b - Frozen Ramparts       Ice            100%       1d16      1%          3
c - Ozocubu's Armour      Ice            57%        N/A       1%          3
d - Summon Ice Beast      Ice/Summ       50%        N/A       1%          3
e - Hailstorm             Conj/Ice       50%        3d10      1%          3
f - Jinxbite              Hex            78%        N/A       1%          2

Your spell library contained the following spells:

 Spells                   Type           Power      Damage    Failure   Level
 Freeze                   Ice            100%       1d10      1%          1
 Shock                    Conj/Air       100%       1d9       1%          1
 Inner Flame              Hex/Fire       39%        N/A       1%          3
 Swiftness                Air            39%        N/A       1%          3
 Airstrike                Air            19%        2d(3-19)  6%          4
 Irradiate                Conj/Alch      19%        3d18      17%         5
 Yara's Violent Unravell  Hex/Alch       19%        3d9       17%         5
 Sculpt Simulacrum        Ice/Alch       25%        N/A       41%         6
 Enfeeble                 Hex            19%        N/A       99%         7
 Ignition                 Fire           19%        3d7       100%        8


Dungeon Overview and Level Annotations

Branches:
Dungeon (9/15)             Temple (1/1) D:5            Lair (0/5) D:8
    Orc (0/2) D:9

Altars:
Ashenzari
Cheibriados
Dithmenos
Elyvilon
Fedhas
Kikubaaqudgha
Makhleb
Nemelex Xobeh
Okawaru
Qazlal
Ru
Sif Muna
Trog
Uskayaw
Vehumet
Wu Jian
Yredelemnul
Zin
The Shining One
Beogh

Shops:
D:4 (   D:8 *

Annotations:
D:9 Erica


Innate Abilities, Weirdness & Mutations

You have very sharp teeth.
Your uncanny sense of smell can sniff out nearby items.
Your experience applies equally to all skills.


Message History

You are constricted.
The heat melts your icy armour.
You closely miss something.
You feel sick. Something hits you but does no damage.
You are constricted.
You hear some strange, mumbled words.
You feel as though you will be slow longer.
You are constricted.
You completely miss something.
You feel sick.
You hear some strange, mumbled words.
A bolt of poison appears from out of thin air!
The bolt of poison hits you!!
You are more poisoned.
* * * LOW HITPOINT WARNING * * *
You are constricted.
You feel much better.
You feel very sick. Something hits you but does no damage.
You are constricted.
As you read the scroll of teleportation, it crumbles to dust.
You feel strangely unstable.
You feel your willpower return.
You feel very sick. Something hits you.
* * * LOW HITPOINT WARNING * * *
You are constricted.
* * * LOW HITPOINT WARNING * * *
You hear some strange, mumbled words.
A bolt of poison appears from out of thin air!
The bolt of poison misses you.
You are constricted.
* * * LOW HITPOINT WARNING * * *
The heat melts your icy armour.
You are confused.
You feel invigorated.
You feel very sick. Something hits you!
* * * LOW HITPOINT WARNING * * *
Something burns you.
* * * LOW HITPOINT WARNING * * *
You are constricted.
You die...
Cheibriados appreciates the motionlessness of death.

#################
.................
####.............
####...#################
........................
........................
........................
.................$......
................@{......
................Y.......
.............:.....^....
........>...>...........
#####...################
#... #####... ......
....


You could see a friendly ice beast (summoned).

Vanquished Creatures
  A two-headed ogre (D:9)
  Pikel (D:4)
  The ghost of Nebesus the Slasher, a novice CoCK of Okawaru (D:6)
  Grinder (D:5)
  A wyvern (D:8)
  A vampire (D:7)
  2 wargs (D:9)
  A human (D:9)
  5 yaks (D:9)
  A steam dragon (D:8)
  2 water moccasins (D:6)
  4 orc warriors
  2 ice beasts (D:5)
  An ogre (D:5)
  2 centaurs (D:9)
  A phantom (D:4)
  2 lemures (D:4)
  4 scorpions
  7 wights (D:7)
  6 killer bees (D:7)
  4 howler monkeys
  An electric eel (D:7)
  A bombardier beetle (D:5)
  6 orc priests
  4 hounds
  2 jellies
  3 sleepcaps
  2 gnoll boudas
  2 iguanas
  9 orc wizards
  10 gnolls
  11 adders
  4 shadow imps
  A white imp (D:7)
  2 ufetubi (D:5)
  5 ribbon worms
  3 dart slugs (D:1)
  26 orcs
  3 bats
  7 endoplasms
  5 giant cockroaches
  17 goblins
  10 hobgoblins
  10 jackals
  13 kobolds
  2 quokkas
  8 ball pythons
  2 frilled lizards (D:1)
  3 rats
222 creatures vanquished.

Vanquished Creatures (collateral kills)
  A kobold brigand (D:9)
  A bullfrog (D:9)
  An orc priest (D:9)
  A gnoll (D:4)
  3 orcs (D:9)
  2 kobolds (D:9)
9 creatures vanquished.

Grand Total: 231 creatures vanquished

Notes
Turn   | Place    | Note
-------+----------+-------------------------------------------
     0 | D:1      | Alarak the Gnoll Ice Elementalist began the quest for the
                  | Orb.
     0 | D:1      | Reached XP level 1. HP: 13/13 MP: 6/6
   108 | D:1      | Reached XP level 2. HP: 18/20 MP: 3/7
   447 | D:1      | Found a faded altar of an unknown god.
   524 | D:1      | Reached skill level 5 in Spellcasting
   524 | D:1      | Reached XP level 3. HP: 25/25 MP: 7/9
   569 | D:1      | Reached skill level 1 in Invocations
   613 | D:1      | Reached skill level 1 in Fighting
   613 | D:1      | Reached skill level 1 in Short Blades
   613 | D:1      | Reached skill level 1 in Long Blades
   613 | D:1      | Reached skill level 1 in Axes
   613 | D:1      | Reached skill level 1 in Maces & Flails
   613 | D:1      | Reached skill level 1 in Polearms
   613 | D:1      | Reached skill level 1 in Staves
   613 | D:1      | Reached skill level 1 in Ranged Weapons
   613 | D:1      | Reached skill level 1 in Throwing
   613 | D:1      | Reached skill level 1 in Armour
   613 | D:1      | Reached skill level 1 in Shields
   613 | D:1      | Reached skill level 1 in Unarmed Combat
   613 | D:1      | Reached skill level 1 in Evocations
   757 | D:2      | Learned a level 3 spell: Frozen Ramparts
   761 | D:2      | Learned a level 3 spell: Ozocubu's Armour
   765 | D:2      | Learned a level 3 spell: Summon Ice Beast
   783 | D:2      | Reached skill level 1 in Shapeshifting
   783 | D:2      | Reached XP level 4. HP: 27/32 MP: 3/11
  1072 | D:2      | Reached skill level 1 in Conjurations
  1072 | D:2      | Reached skill level 1 in Hexes
  1072 | D:2      | Reached skill level 1 in Summonings
  1072 | D:2      | Reached skill level 1 in Necromancy
  1072 | D:2      | Reached skill level 1 in Translocations
  1072 | D:2      | Reached skill level 1 in Fire Magic
  1072 | D:2      | Reached skill level 1 in Air Magic
  1072 | D:2      | Reached skill level 1 in Earth Magic
  1072 | D:2      | Reached skill level 1 in Alchemy
  1383 | D:2      | Reached XP level 5. HP: 37/37 MP: 5/12
  1852 | D:3      | Identified a scroll of acquirement
  1852 | D:3      | Acquired a book of the Tundra
  1858 | D:3      | Learned a level 3 spell: Hailstorm
  2183 | D:3      | Identified the +1 robe "Lesup" {-Cast Fly rCorr}
  2488 | D:3      | Reached XP level 6. HP: 44/44 MP: 13/13
  3269 | D:4      | Reached skill level 5 in Dodging
  3681 | D:4      | Noticed Pikel
  3697 | D:4      | Killed Pikel
  3698 | D:4      | Reached skill level 5 in Stealth
  3698 | D:4      | Reached XP level 7. HP: 13/52 MP: 3/15
  3698 | D:4      | Reached XP level 8. HP: 15/58 MP: 3/16
  3985 | D:4      | You fall into a shaft and drop 2 floors!
  4245 | D:5      | Entered Level 5 of the Dungeon
  4294 | D:5      | Found a staircase to the Ecumenical Temple.
  4526 | D:4      | Found Sentar's Weapon Boutique.
  4821 | Temple   | Entered the Ecumenical Temple
  4848 | Temple   | Became a worshipper of Cheibriados the Contemplative
  5124 | D:5      | Found a glowing golden altar of the Shining One.
  5142 | D:5      | Found an iron altar of Okawaru.
  5162 | D:5      | Reached XP level 9. HP: 49/65 MP: 12/18
  5527 | D:5      | Noticed Grinder
  5547 | D:5      | Paralysed by Grinder for 5 turns
  5594 | D:5      | Paralysed by Grinder for 2 turns
  5603 | D:5      | Paralysed by Grinder for 3 turns
  5612 | D:5      | Killed Grinder
  6141 | D:6      | Found a runed translucent gate.
  6141 | D:6      | Found a runed translucent gate.
  6144 | D:6      | Found a runed translucent gate.
  6146 | D:6      | Noticed Nebesus's ghost (novice CoCK)
  6227 | D:6      | Reached * piety under Cheibriados
  6427 | D:6      | Identified the ring of the Rhinotaur {Wiz rF+ rN+++ rCorr
                  | Str-4}
  6502 | D:6      | Learned a level 2 spell: Jinxbite
  6625 | D:6      | Found a roughly hewn altar of Beogh.
  6648 | D:6      | Reached skill level 5 in Invocations
  6653 | D:6      | Killed Nebesus's ghost
  6672 | D:6      | Identified the +1 helmet "Saasay" {Will+ Slay+3 Stlth+}
  7025 | D:7      | Reached ** piety under Cheibriados
  7026 | D:7      | Reached skill level 5 in Fighting
  7026 | D:7      | Reached skill level 5 in Short Blades
  7026 | D:7      | Reached skill level 5 in Long Blades
  7026 | D:7      | Reached skill level 5 in Axes
  7026 | D:7      | Reached skill level 5 in Maces & Flails
  7026 | D:7      | Reached skill level 5 in Polearms
  7026 | D:7      | Reached skill level 5 in Staves
  7026 | D:7      | Reached skill level 5 in Ranged Weapons
  7026 | D:7      | Reached skill level 5 in Throwing
  7026 | D:7      | Reached skill level 5 in Armour
  7026 | D:7      | Reached skill level 5 in Shields
  7026 | D:7      | Reached skill level 5 in Unarmed Combat
  7026 | D:7      | Reached skill level 5 in Evocations
  7026 | D:7      | Reached XP level 10. HP: 72/74 MP: 10/20
  8095 | D:8      | Found a staircase to the Lair.
  8291 | D:8      | Found a sacrificial altar of Ru.
  8494 | D:8      | Found Vegizul's Assorted Antiques.
  8525 | D:8      | Found an ancient bone altar of Kikubaaqudgha.
  8526 | D:8      | Found a shadowy altar of Dithmenos.
  8569 | D:8      | Found a radiant altar of Vehumet.
  9537 | D:9      | Reached skill level 5 in Shapeshifting
  9537 | D:9      | Reached *** piety under Cheibriados
  9848 | D:9      | Found a staircase to the Orcish Mines.
  9848 | D:9      | Noticed a two-headed ogre
  9858 | D:9      | Killed a two-headed ogre
  9859 | D:9      | Reached skill level 5 in Conjurations
  9859 | D:9      | Reached skill level 5 in Hexes
  9859 | D:9      | Reached skill level 5 in Summonings
  9859 | D:9      | Reached skill level 5 in Necromancy
  9859 | D:9      | Reached skill level 5 in Translocations
  9859 | D:9      | Reached skill level 5 in Fire Magic
  9859 | D:9      | Reached skill level 5 in Air Magic
  9859 | D:9      | Reached skill level 5 in Earth Magic
  9859 | D:9      | Reached skill level 5 in Alchemy
  9859 | D:9      | Reached XP level 11. HP: 50/81 MP: 12/22
 10113 | D:9      | Noticed Erica
 10118 | D:9      | Reached **** piety under Cheibriados
 10140 | D:9      | HP: 3/81 [something (14)]
 10140 | D:9      | HP: 1/81 [something (2)]
 10140 | D:9      | Constricted to death by Erica

Illustrated notes

Levels and vault maps discovered:
D:1:      lemuel_arrival_muddy, layout_rooms, shapermc_ecumenical_altar_petra,
          reono_crystal_passage
D:2:      layout_loops_ring, serial_bayou, serial_bayou_pond_c,
          serial_bayou_ford_a, serial_bayou_lagoon_a, serial_bayou_lake_a,
          minmay_joined_circles
D:3:      layout_basic, minmay_goblin_outpost
D:4:      layout_cave_pods, serial_shops, nicolae_stop_n_shop_2, uniq_pikel
D:5:      layout_loops_corners, okawaru_ov_weapons_minmay,
          mainiacjoe_overflow_boulevard, minmay_temple_entry_arrows,
          uniq_grinder
D:6:      layout_basic, biasface_ghost_orc_armoury
D:7:      layout_gridville, kennysheep_potato
D:8:      layout_basic, nicolae_overflow_hidden_temple,
          mainiacjoe_overflow_chevrons, dpeg_oklobed_lair, serial_shops, shop
D:9:      layout_long_grid, overflow_temple_1_default, erik_orc_4, serial_shops,
          nicolae_shop_crystal, uniq_erica
Temple:   nicolae_temple_bog_church

Skill      XL: |  1  2  3  4  5  6  7  8  9 10 11 |
---------------+----------------------------------+-----
Spellcasting   | 5 6 7 8 |  8.0
Invocations    | 1 2 3 4 5 6 |  6.7
Fighting       | 1 3 5 6 |  6.1
Short Blades   | 1 3 5 6 |  6.1
Long Blades    | 1 3 5 6 |  6.1
Axes           | 1 3 5 6 |  6.1
Maces & Flails | 1 3 5 6 |  6.1
Polearms       | 1 3 5 6 |  6.1
Staves         | 1 3 5 6 |  6.1
Ranged Weapons | 1 3 5 6 |  6.1
Throwing       | 1 3 5 6 |  6.1
Armour         | 1 3 5 6 |  6.1
Shields        | 1 3 5 6 |  6.1
Unarmed Combat | 1 3 5 6 |  6.1
Evocations     | 1 3 5 6 |  6.1
Shapeshifting  | 1 2 3 4 5 |  5.5
Conjurations   | 1 2 3 4 5 |  5.0
Hexes          | 1 2 3 4 5 |  5.0
Summonings     | 1 2 3 4 5 |  5.0
Necromancy     | 1 2 3 4 5 |  5.0
Translocations | 1 2 3 4 5 |  5.0
Fire Magic     | 1 2 3 4 5 |  5.0
Air Magic      | 1 2 3 4 5 |  5.0
Earth Magic    | 1 2 3 4 5 |  5.0
Alchemy        | 1 2 3 4 5 |  5.0
Dodging        | 5 6 7 |  7.7
Stealth        | 5 6 7 |  7.5
Ice Magic      | 8 |  8.8

Action                     |  1- 3 |  4- 6 |  7- 9 | 10-12 || total
---------------------------+-------+-------+-------+-------++-------
  Melee: Short sword       |    35 |   130 |   190 |   102 ||   457
         Unarmed           |     2 |       |       |       ||     2
         Bite              |     1 |    10 |    23 |    13 ||    47
   Cast: Freeze            |    18 |     1 |     4 |       ||    23
         Ozocubu's Armour  |     1 |    12 |    15 |    15 ||    43
         Frozen Ramparts   |     1 |    10 |    15 |    11 ||    37
         Hailstorm         |       |     4 |     6 |     3 ||    13
         Summon Ice Beast  |       |       |     2 |     8 ||    10
         Jinxbite          |       |       |     1 |     2 ||     3
    Use: Scroll            |       |     7 |     6 |     4 ||    17
         Potion            |       |       |     3 |     2 ||     5
   Stab: Sleeping          |     3 |     5 |     6 |     4 ||    18
         Distracted        |       |       |       |     1 ||     1
 Armour: Robe              |    26 |    32 |       |       ||    58
         Leather armour    |       |    55 |   123 |    23 ||   201
         Ring mail         |       |       |       |    66 ||    66
  Dodge: Dodged            |    36 |    88 |   142 |    78 ||   344
  Block: Buckler           |       |       |    31 |    46 ||    77

Table legend: (Time is in decaauts)
 A = Elapsed time spent in this place.
 B = Non-inter-level travel time spent in this place.
 C = Inter-level travel time spent in this place.
 D = Time resting spent in this place.
 E = Time spent auto-exploring this place.
 F = Levels seen in this place.
 G = Mean time per level.
                   A        B        C        D        E       F      G
               +--------+--------+--------+--------+--------+-----+--------+
         Total |  11677 |  10687 |    990 |    781 |   8153 |  10 | 1167.7 |
       Dungeon |  11623 |  10684 |    939 |    781 |   8153 |   9 | 1291.4 |
        Temple |     53 |      2 |     51 |      0 |      0 |   1 |   53.0 |
               +--------+--------+--------+--------+--------+-----+--------+

Top non-repeatable levels by time:
     D:5: 1634 daAuts
     D:7: 1610 daAuts
     D:8: 1593 daAuts
     D:3: 1343 daAuts
     D:4: 1235 daAuts
     D:9: 1212 daAuts
     D:2: 1161 daAuts
     D:6: 1110 daAuts
     D:1: 722 daAuts
  Temple: 53 daAuts
